 Dungeon Crawl Stone Soup version 0.31-a0-112-gdf0485fa37 (webtiles) character file.

Game seed: 297825674665489332

1830820 backslashecho the Conqueror (level 27, 199/199 HPs)
             Began as a Gargoyle Berserker on May 28, 2023.
             Was the Champion of Trog.
             Escaped with the Orb
             ... and 3 runes on May 29, 2023!
             The game lasted 03:20:24 (57897 turns).

backslashecho the Conqueror (Gargoyle Berserker)   Turns: 57897, Time: 03:20:24

Health: 199/199    AC: 62    Str: 26    XL:     27
Magic:  23/23      EV: 11    Int: 14    God:    Trog [******]
Gold:   4830       SH: 20    Dex: 14    Spells: 26/26 levels left

rFire   + + +        a - +10 broad axe "Imuocid" {heavy, rF++ Dex+3}
rCold   + + .        z - +0 tower shield
rNeg    + + .        r - +12 gold dragon scales
rPois   ∞            W - +0 helmet
rElec   +            X - scarf {repulsion}
rCorr   +            w - +2 pair of gloves of Dogmatism {Fly Slay+3}
SInv    .            i - +2 pair of boots {rampage}
Will    +++..        J - amulet of Xyhicky {Harm rC+ rN+ Regen+} Stlth
                     O - ring "Bemaro" {Will+ Int+5 Dex-4 Slay+3, =p}
HPRegen 1.33/turn    P - ring of resist corrosion
MPRegen 0.18/turn

%: harm (+30% outgoing, +20% incoming), repel missiles, rampage
@: flying, studying 2 skills
A: sickness immunity, AC +20, big wings, negative energy resistance 1,
electricity resistance, torment resistance 1, petrification resistance, weak 1
0: Orb of Zot
}: 3/15 runes: decaying, serpentine, silver
a: Renounce Religion, Berserk, Trog's Hand, Brothers in Arms


You escaped.
You worshipped Trog.
Trog was exalted by your worship.
You visited 9 branches of the dungeon, and saw 47 of its levels.
You visited 1 bazaar.
You also visited: Sewer, Ossuary, Bailey, Wizlab and Desolation.

You collected 8588 gold pieces.
You spent 3758 gold pieces at shops.

Inventory:

Hand Weapons
 a - the +10 broad axe "Imuocid" (weapon) {heavy, rF++ Dex+3}
   (You found it on level 2 of the Swamp)

   Dex:       It affects your dexterity (+3).
   rF:        It greatly protects you from fire.
 b - a +9 antimagic broad axe
Missiles
 c - 31 poisoned darts (quivered)
 f - 4 throwing nets
 Z - 4 curare-tipped darts
Armour
 i - a +2 pair of boots of rampaging (worn)
 r - +12 gold dragon scales (worn)
 w - the +2 pair of gloves of Dogmatism (worn) {Fly Slay+3}
   (You acquired it on level 2 of the Vaults)

   Slay:      It affects your accuracy & damage with ranged weapons and melee
   (+3).
   Fly:       It grants you flight.
 z - a +0 tower shield (worn)
 W - a +0 helmet (worn)
 X - a scarf of repulsion (worn)
Jewellery
 q - the ring of Qesangao {rF+ rC+ Str+2 Int-5}
   (You took it off a vault sentinel on level 4 of the Vaults)

   [ring of protection from fire]

   Str:       It affects your strength (+2).
   Int:       It affects your intelligence (-5).
   rF:        It protects you from fire.
   rC:        It protects you from cold.
 E - the ring of Tahituj {Fly rN+ Slay+3}
   (You found it on level 2 of the Vaults)

   [ring of flight]

   Slay:      It affects your accuracy & damage with ranged weapons and melee
   (+3).
   rN:        It protects you from negative energy.
   Fly:       It grants you flight.
 H - the ring of Luirrao {Str+2 SInv Stlth+}
   (You took it off a deep elf high priest on level 3 of the Elven Halls)

   [ring of see invisible]

   Str:       It affects your strength (+2).
   SInv:      It lets you see invisible.
   Stlth:     It makes you more stealthy.
 J - the amulet of Xyhicky (around neck) {Harm rC+ rN+ Regen+}
   (You acquired it on level 4 of the Dungeon)

   [amulet of regeneration]

   rC:        It protects you from cold.
   rN:        It protects you from negative energy.
   Regen:     It increases your rate of health regeneration.
   Harm:      It increases damage dealt and taken.
 L - the ring of Suspected Treachery {rPois Will+ MP+9 AC+4}
   (You took it off a deep elf zephyrmancer on level 3 of the Elven Halls)

   [ring of protection]

   AC:        It affects your AC (+4).
   rPois:     It protects you from poison.
   MP:        It affects your magic capacity (+9).
   Will:      It increases your willpower.
 O - the ring "Bemaro" (left hand) {Will+ Int+5 Dex-4 Slay+3, =p}
   (You found it on level 13 of the Dungeon)

   [ring of willpower]

   Int:       It affects your intelligence (+5).
   Dex:       It affects your dexterity (-4).
   Slay:      It affects your accuracy & damage with ranged weapons and melee
   (+3).
   Will:      It increases your willpower.
 P - a ring of resist corrosion (right hand)
 Q - the ring of the Garden {Will+ MP+9 Str+2 Int-3 Dex+2}
   (You found it on level 3 of the Realm of Zot)

   [ring of magical power]

   Str:       It affects your strength (+2).
   Int:       It affects your intelligence (-3).
   Dex:       It affects your dexterity (+2).
   MP:        It affects your magic capacity (+9).
   Will:      It increases your willpower.
Wands
 d - a wand of mindburst (23)
 j - a wand of iceblast (49)
 n - a wand of acid (58)
 u - a wand of flame (97)
 x - a wand of paralysis (31)
 C - a wand of digging (30)
Scrolls
 e - a scroll of silence
 k - 17 scrolls of teleportation
 l - 5 scrolls of butterflies
 o - 9 scrolls of fear
 t - 2 scrolls of brand weapon
 y - a scroll of blinking
 B - 5 scrolls of poison
 I - a scroll of enchant armour
 M - 16 scrolls of fog
 V - 10 scrolls of vulnerability
Potions
 g - 21 potions of curing
 h - 16 potions of enlightenment
 m - 3 potions of heal wounds
 p - 3 potions of ambrosia
 s - 9 potions of cancellation
 v - 6 potions of haste
 D - 4 potions of might
 K - 2 potions of mutation
 R - 6 potions of resistance
 S - 6 potions of magic
Miscellaneous
 F - a box of beasts
 G - a phantom mirror
 N - a phial of floods
 T - a tin of tremorstones (2/2)
 U - a lightning rod (4/4)


   Skills:
 O Level 27 Fighting
 - Level 18.0 Axes
 - Level 15.0 Armour
 + Level 17.8 Dodging
 - Level 18.0 Shields
 - Level 1.0 Unarmed Combat
 + Level 22.4 Evocations


You had 26 spell levels left.
You didn't know any spells.
Your spell library was empty.

Dungeon Overview and Level Annotations

Branches:
Dungeon (15/15)            Temple (0/1) D:4            Lair (5/5) D:9
  Swamp (4/4) Lair:3        Snake (4/4) Lair:3        Slime (0/5) Lair:4
    Orc (2/2) D:10            Elf (3/3) Orc:2        Vaults (5/5) D:14
  Crypt (0/3) Vaults:2     Depths (4/4) D:15            Zot (5/5) Depths:4
  Sewer (visited)         Ossuary (visited)          Bailey (visited)
 WizLab (visited)         Desolation (visited)

Altars:
Ashenzari
Elyvilon
Fedhas
Hepliaklqana
Kikubaaqudgha
Nemelex Xobeh
Okawaru
Sif Muna
Trog
Vehumet
Xom
Yredelemnul
Zin
Jiyva

Shops:
D:2 ?   D:3 [   D:4 [?**(   D:12 :   Orc:2 :*([   Elf:3 !   Snake:1 [*(:[
Snake:3 *   Vaults:2 !   Vaults:4 [

Portals:
Hell: Depths:1 Depths:2 Depths:3 Depths:4
Abyss: Depths:3
Pandemonium: Depths:1 Depths:2
Ziggurat: Depths:4
Trove: Depths:1 (give 2 scrolls of acquirement)

Annotations:
D:3 exclusion: statue
Lair:4 exclusion: door
Elf:2 5 runed translucent doors, Vodes's ghost, adept SpEn
Zot:1 2 transporters, Juhipt's ghost, veteran MiBe
Zot:3 1 transporter


Innate Abilities, Weirdness & Mutations

You are immune to sickness and miasma.
Your stone body is resilient. (AC +20)
You are immune to poison.
Your large and strong wings let you fly.
You resist negative energy. (rN+)
You are resistant to electric shocks. (rElec)
You are resistant to unholy torment.
You are immune to petrification.
You are weak. (Str -2)


Message History

The hell beast is heavily wounded.
You slice the plant!! You slash the plant! x2
You block the hell beast's attack. x2
You slice the hell beast!!
The hell beast is severely wounded.
You slice the plant like a ripe choko!!!
You hit the plant. You slash the plant! You block the hell beast's attack. x2
The hell beast bites you but does no damage.
You block the hell beast's attack.
A nearby plant withers and dies. x2; You block the hell beast's attack. x2
You barely miss the hell beast.
The hell beast is severely wounded.
You chop the plant into pieces!!! x2; The plant begins to die.
You chop the plant into pieces!!!
The plant begins to die.
A nearby plant withers and dies.
The hell beast bites you but does no damage.
You block the hell beast's attack.
The hell beast bites you but does no damage.
The hell beast tramples you but does no damage.
You slash the hell beast!
The hell beast is almost dead.
You slash the plant! You slice the plant!!
You block the hell beast's attack. x2
The hell beast bites you but does no damage.
The hell beast tramples you but does no damage.
You completely miss the hell beast.
The hell beast is almost dead.
You chop the plant into pieces!!! You slice the plant!!
You block the hell beast's attack.
The hell beast tramples you but does no damage.
You block the hell beast's attack. The hell beast barely misses you.
You barely miss the hell beast.
The hell beast is almost dead.
You slice the plant!! You chop the plant into pieces!!!
You destroy the plant!
A nearby plant withers and dies.
You block the hell beast's attack.
The hell beast tramples you but does no damage.
You closely miss the hell beast.
The hell beast is almost dead.
You block the hell beast's attack.
The hell beast tramples you but does no damage.
The hell beast barely misses you.
The hell beast tramples you but does no damage.
You carve the hell beast like a ham!!!
You kill the hell beast!
Trog accepts your kill.
A hellephant comes into view.
The hellephant blinks!
The hellephant blinks!
There is a staircase leading out of the dungeon here.
You have escaped! #....## #...........#...#...... #....# #.........#.#####.##### #....# ##..........#..##.#### .....# #..............#....# ..)^.# #.[............####.# ..#### #.......####.#.# #.## ..# #####.......####...####... ..# #PPPPPPPPPPPPPPPPP.......#

..#
#PPPPPP..@..PPPPPP.......#
..#
#PPPP..PPPPP..PPPP..#....#
..####
#PPP.PPP...PP...PP>.####.#
.....#
#PPP.PPYPPP.P...PP#.....#.
.....#
#PP.PP.PP.PP.....P#...##.#
.....#
#PP.P.PP.P.PP....P#.#..#..
.....#
#PP.P.P.PPP.P....P#....#..
.....#
#PP.P.PP.P.PP.P.PP###..#.#
....[#


#PP.PP.PP.PP....PP# #..... You could see a hellephant.

Vanquished Creatures
  2 dread liches (Vaults:5)
  3 juggernauts (Depths:2)
  2 Killer Klowns
  Frederick (Vaults:2)
  4 curse toes
  7 caustic shrikes
  Nikola (Depths:1)
  8 golden dragons
  3 bone dragons
  4 Tzitzimimeh
  2 doom hounds
  24 tentacled monstrosities
  A Cloud Mage (WizLab)
  An Ice Fiend (D:15)
  A Hell Sentinel (D:14)
  8 Orb Guardians
  Asterion (Vaults:1)
  Mlioglotl (Snake:3)
  A walking crystal tome (Depths:3)
  4 quicksilver dragons
  6 liches
  A deep elf blademaster (Elf:3)
  3 titans
  3 deep elf master archers (Elf:3)
  2 Executioners
  Grunn (Zot:2)
  Gastronok (D:11)
  8 death cobs
  9 sphinxes
  2 thorn hunters (Swamp:4)
  14 shadow dragons
  A rockslime (shapeshifter) (Vaults:5)
  15 storm dragons
  5 tengu reavers
  9 draconian monks
  5 nagarajas
  5 draconian knights
  9 fire giants
  11 frost giants
  7 deep elf sorcerers (Elf:3)
  An iron dragon (Depths:3)
  Aizul (Vaults:4)
  4 orc warlords
  2 imperial myrmidons (Desolation)
  7 deep elf elementalists (Elf:3)
  A cacodemon (D:3)
  4 ghost moths
  15 vault wardens
  4 draconian shifters
  6 draconian scorchers
  21 ironbound preservers
  2 spriggan defenders (Depths:3)
  6 draconian stormcallers
  17 very ugly things
  20 stone giants
  7 draconian annihilators
  A ghoul (Swamp:3)
  2 reapers
  7 ironbound thunderhulks
  2 war gargoyles
  18 green draconians
  The ghost of GreenGuy14 the Fencer, a journeyman MiFi of Nemelex Xobeh (Swamp:2)
  6 white draconians
  11 black draconians
  9 deep elf demonologists
  Nessos (D:13)
  6 eleionomae
  A lorocyproca (Depths:2)
  13 deep elf annihilators
  A putrid mouth (Zot:1)
  6 bunyips
  14 dire elephants
  3 formless jellyfish
  11 purple draconians
  16 yellow draconians
  11 spark wasps
  10 red draconians
  A halazid warlock (Desolation)
  9 deep elf death magi
  Snorg (D:11)
  3 shambling mangroves
  A green death (Depths:1)
  2 entropy weavers
  6 crystal guardians
  A blizzard demon (Depths:3)
  16 ettins
  7 ragged hierophants
  9 ice dragons
  An entropy weaver (shapeshifter) (D:13)
  9 fire dragons
  2 great orbs of eyes
  12 deep elf high priests
  A catoblepas (Lair:4)
  A hell beast (D:1)
  6 servants of whispers
  11 yaktaur captains
  41 vault guards
  5 spriggan air magi
  4 rakshasas
  A hydra (shapeshifter) (Vaults:3)
  12 peacekeepers
  11 ironbound frosthearts
  Erica (D:11)
  5 ghost crabs
  2 salamander tyrants (Snake:4)
  13 anacondas
  23 hydras
  An ogre mage (Vaults:5)
  4 alligators
  11 dancing weapons
  24 centaur warriors
  A two-headed ogre (shapeshifter) (Vaults:5)
  9 boulder beetles
  12 two-headed ogres
  4 vampire magi
  A death yak (D:8)
  11 naga warriors
  3 orc high priests (Orc:2)
  18 deep troll shamans
  3 tengu warriors
  12 naga sharpshooters
  9 deep troll earth magi
  8 deep elf knights
  9 spriggan berserkers
  A soul eater (Depths:1)
  14 shock serpents
  7 hell hogs
  16 spriggans
  A fire crab (shapeshifter) (D:14)
  23 hell knights
  18 iron trolls
  2 sixfirhies
  2 skysharks
  A shadow wraith (Vaults:4)
  3 death drakes
  6 skeletal warriors
  A death drake (shapeshifter) (Depths:2)
  49 deep trolls
  4 flayed ghosts
  A sea snake (shapeshifter) (Vaults:5)
  4 glowing orange brains
  12 swamp dragons
  7 goliath frogs
  4 naga ritualists (Snake:4)
  A swamp dragon (shapeshifter) (Depths:4)
  3 salamander mystics
  20 ironbound convokers
  A tengu zombie (Vaults:4)
  2 wizards
  5 phantasmal warriors
  2 spriggan druids
  25 deep elf pyromancers
  9 deep elf archers
  A stone giant zombie (D:15)
  A golden dragon skeleton (D:15)
  5 lindwurms
  13 deep elf zephyrmancers
  14 necromancers
  6 orc knights
  7 bog bodies
  A mana viper (shapeshifter) (Vaults:5)
  9 mana vipers
  2 will-o-the-wisps
  An oklob plant (Lair:1)
  4 orc sorcerers (Orc:2)
  23 moths of wrath
  14 salamanders
  2 wolf spiders (Lair:5)
  6 cyclopes
  4 manticores
  A frost giant zombie (D:15)
  19 ugly things
  11 guardian serpents
  23 vault sentinels
  7 torpor snails (Lair:5)
  A molten gargoyle (Desolation)
  A black mamba (shapeshifter) (Vaults:5)
  A rust devil (Depths:1)
  3 stone giant skeletons
  4 apocalypse crabs (WizLab)
  32 black mambas
  A torpor snail (shapeshifter) (WizLab)
  12 naga magi
  A smoke demon (Depths:2)
  An unseen horror (D:13)
  14 cane toads
  2 hellions
  4 orange demons
  5 gargoyles
  Maggie (Lair:2)
  2 rime drakes (Lair:3)
  2 elf skeletons
  A kobold demonologist (D:14)
  A tormentor (Zot:1)
  An ice devil (D:15)
  16 yaktaurs
  A freezing wraith (Vaults:5)
  2 tengu conjurers
  2 efreet
  A guardian mummy (D:15)
  6 komodo dragons
  2 bloated husks (Swamp:3)
  12 trolls
  A polar bear (shapeshifter) (D:14)
  2 wind drakes (WizLab)
  30 hornets
  2 polar bears (Lair:2)
  57 saltlings
  A raiju (Snake:4)
  Prince Ribbit (D:7)
  13 tyrant leeches
  14 blink frogs (Lair:1)
  2 dream sheep (shapeshifter)
  6 dream sheep (Lair:5)
  25 slime creatures
  2 shadows
  15 air elementals
  A vampire (D:13)
  9 wyverns
  8 water elementals
  57 yaks
  Eustachio (D:5)
  A culicivora (shapeshifter) (D:15)
  4 wraiths
  A chaos spawn (Depths:1)
  A fire elemental (Elf:2)
  2 steam dragons
  2 basilisks
  8 large abominations
  12 vampire mosquitoes
  A glowing shapeshifter zombie (Vaults:4)
  4 redbacks
  43 nagas
  7 wargs
  An ogre zombie (Vaults:1)
  13 swamp worms
  6 acid dragons
  A swamp worm (shapeshifter) (Vaults:5)
  2 floating eyes
  20 water moccasins
  11 swamp drakes
  6 ice beasts
  A black bear (shapeshifter) (Vaults:5)
  A sky beast (D:7)
  9 black bears
  37 orc warriors
  6 ogres
  16 wolves
  3 centaurs
  A phantom (D:5)
  6 elf zombies (Elf:1)
  3 kobold brigands
  21 bullfrogs
  7 scorpions
  2 human skeletons
  A bullfrog (shapeshifter) (Elf:3)
  A necrophage (Swamp:3)
  A scorpion (shapeshifter) (D:14)
  4 water moccasin zombies (Ossuary)
  7 wights
  9 killer bees
  7 electric eels
  A vampire bat (Lair:2)
  3 howler monkeys
  Crazy Yiuf (D:5)
  2 jellies
  4 sleepcaps
  4 hounds
  12 orc priests
  4 iguanas
  19 orc wizards
  A wolf simulacrum (Lair:4)
  2 mummies (Ossuary)
  5 gnolls
  16 adders
  5 river rats (Sewer)
  3 white imps
  2 ufetubi (D:8)
  5 adder zombies (Ossuary)
  7 worms
  A dart slug (D:1)
  71 orcs
  10 endoplasms
  5 giant cockroaches
  5 gnoll zombies (Ossuary)
  6 goblins
  10 hobgoblins
  10 jackals
  28 kobolds
  2 quokkas
  13 ball pythons
  18 bats
  A frilled lizard (Sewer)
  A hobgoblin zombie (Ossuary)
  6 kobold zombies (Ossuary)
  6 orc zombies
  2 rats (D:3)
  A river rat simulacrum (Lair:4)
  A spectral weapon (Vaults:1)
2200 creatures vanquished.

Vanquished Creatures (collateral kills)
  Bai Suzhen (Snake:2)
1 creature vanquished.

Vanquished Creatures (others)
  A pandemonium lord (D:13)
  A war gargoyle (Vaults:5)
  A black draconian (Depths:4)
  A ghost crab (Swamp:3)
  An alligator (Swamp:1)
  A spriggan (Swamp:3)
  A goliath frog (Swamp:3)
  2 bog bodies (Swamp:2)
  A black mamba (Snake:4)
  A hellwing (D:13)
  3 bloated husks
  3 hornets
  A small abomination (D:13)
  A swamp worm (Swamp:3)
  A ball lightning (D:13)
  A butterfly (Depths:1)
  8 foxfires
29 creatures vanquished.

Grand Total: 2230 creatures vanquished

Notes
Turn   | Place    | Note
-------+----------+-------------------------------------------
     0 | D:1      | backslashecho the Gargoyle Berserker began the quest for
                  | the Orb.
     0 | D:1      | Reached XP level 1. HP: 14/14 MP: 1/1
   208 | D:1      | Reached XP level 2. HP: 13/19 MP: 2/2
   342 | D:1      | Reached skill level 1 in Unarmed Combat
   884 | D:2      | Reached XP level 3. HP: 23/23 MP: 3/3
  1049 | D:2      | Found Koyl's Magic Scroll Shoppe.
  1056 | D:2      | Bought a scroll of identify for 28 gold pieces
  1182 | D:2      | Found a faded altar of an unknown god.
  1233 | D:2      | Reached ** piety under Trog
  1238 | D:2      | Reached XP level 4. HP: 20/29 MP: 4/4
  1733 | D:3      | Found Woahoh's Antique Armour Shoppe.
  1917 | D:3      | Found a radiant altar of Vehumet.
  1917 | D:3      | Noticed a charred statue
  2661 | D:4      | Reached skill level 4 in Fighting
  2678 | D:4      | Identified the +8 war axe of the Blushing Hawk {vamp, rC++
                  | Str+5 Dex-2}
  2702 | D:4      | Found Vucha's Magic Scroll Boutique.
  2718 | D:4      | Found Nuptagae's General Store.
  2808 | D:4      | Found a staircase to the Ecumenical Temple.
  2917 | D:4      | Found Ceawitues's General Store.
  2925 | D:4      | Reached XP level 5. HP: 33/33 MP: 5/5
  2960 | D:4      | Found a sparkling altar of Nemelex Xobeh.
  3109 | D:4      | Found Rakkul's Weapon Shop.
  3321 | D:4      | Found Domeumn's Armour Shop.
  3331 | D:5      | Entered Level 5 of the Dungeon
  3436 | D:5      | Found a glowing drain.
  3459 | Sewer    | Entered a sewer
  3570 | Sewer    | Reached *** piety under Trog
  3661 | Sewer    | Reached XP level 6. HP: 39/39 MP: 6/6
  4007 | D:5      | Noticed an ice beast
  4022 | D:5      | Killed an ice beast
  4023 | D:5      | Reached skill level 5 in Axes
  4188 | D:5      | Reached XP level 7. HP: 44/44 MP: 7/7
  4244 | D:5      | Reached skill level 5 in Fighting
  4340 | D:5      | Noticed Eustachio
  4355 | D:5      | Killed Eustachio
  4358 | D:5      | Reached skill level 5 in Armour
  4362 | D:5      | Reached XP level 8. HP: 51/51 MP: 8/8
  4424 | D:5      | Found a shimmering altar of Xom.
  4442 | D:5      | Reached **** piety under Trog
  4564 | D:5      | Reached skill level 6 in Fighting
  4704 | D:5      | Found a hazy altar of Hepliaklqana.
  4795 | D:5      | Found a runed translucent door.
  4796 | D:5      | Noticed Crazy Yiuf
  4982 | D:5      | Killed Crazy Yiuf
  5673 | D:6      | Found a basalt altar of Yredelemnul.
  6170 | D:6      | Found a glowing silver altar of Zin.
  6170 | D:6      | Found a white marble altar of Elyvilon.
  6345 | D:7      | Reached XP level 9. HP: 56/56 MP: 9/9
  6404 | D:7      | Reached skill level 7 in Fighting
  6453 | D:7      | Found a sand-covered staircase.
  6474 | Ossuary  | Entered an ossuary
  6515 | Ossuary  | Reached ***** piety under Trog
  6794 | D:4      | Bought a scroll of identify for 28 gold pieces
  6795 | D:4      | Bought a scroll of identify for 28 gold pieces
  6969 | D:7      | Noticed Prince Ribbit
  7101 | D:6      | Noticed a manticore
  7102 | D:6      | Noticed a gargoyle
  7102 | D:6      | Noticed a deep elf pyromancer
  7102 | D:6      | Noticed a two-headed ogre
  7288 | D:7      | Found an iron altar of Okawaru.
  7296 | D:7      | Reached skill level 8 in Fighting
  7338 | D:7      | Reached XP level 10. HP: 64/64 MP: 10/10
  7645 | D:7      | Killed Prince Ribbit
  8083 | D:6      | Killed a gargoyle
  8084 | D:6      | Reached skill level 10 in Axes
  8238 | D:6      | Killed a manticore
  8240 | D:6      | Killed a deep elf pyromancer
  8241 | D:6      | Reached skill level 9 in Fighting
  8346 | D:6      | Killed a two-headed ogre
  8544 | D:4      | Bought a scroll of acquirement for 676 gold pieces
  8545 | D:4      | Acquired the amulet of Xyhicky {Harm rC+ rN+ Regen+}
  8571 | D:4      | Bought a scroll of blinking for 105 gold pieces
  8571 | D:4      | Bought a scroll of fear for 56 gold pieces
  8820 | D:8      | Received a gift from Trog
  8926 | D:8      | Reached XP level 11. HP: 71/71 MP: 11/11
  8981 | D:8      | Noticed a death yak
  9005 | D:8      | Killed a death yak
  9312 | D:8      | Noticed a two-headed ogre
  9342 | D:8      | Reached skill level 10 in Fighting
  9347 | D:8      | Killed a two-headed ogre
  9348 | D:8      | Reached skill level 1 in Evocations
  9647 | D:9      | Noticed a two-headed ogre
  9658 | D:9      | Killed a two-headed ogre
  9777 | D:9      | Reached skill level 10 in Armour
  9826 | D:9      | Found a staircase to the Lair.
 10177 | D:9      | Noticed a red ugly thing
 10183 | D:9      | Killed a red ugly thing
 10413 | D:9      | Noticed a two-headed ogre
 10420 | D:9      | Killed a two-headed ogre
 10642 | D:9      | Reached XP level 12. HP: 79/79 MP: 12/12
 10811 | D:10     | Entered Level 10 of the Dungeon
 10817 | D:10     | Noticed a boulder beetle
 10984 | D:10     | Killed a boulder beetle
 10989 | D:10     | Found a flagged portal.
 11015 | Bailey   | Entered a bailey
 11021 | Bailey   | Noticed an orc warlord
 11028 | Bailey   | Received a gift from Trog
 11107 | Bailey   | Found a runed translucent gate.
 11109 | Bailey   | Found a runed translucent gate.
 11110 | Bailey   | Found a runed translucent gate.
 11217 | Bailey   | Killed an orc warlord
 11218 | Bailey   | Reached skill level 11 in Fighting
 11394 | D:10     | Noticed a two-headed ogre
 11402 | D:10     | Killed a two-headed ogre
 11615 | D:10     | Found a shimmering blue altar of Sif Muna.
 11736 | D:10     | Found a staircase to the Orcish Mines.
 12109 | D:10     | Found a shimmering blue altar of Sif Muna.
 12353 | Lair:1   | Entered Level 1 of the Lair of Beasts
 12763 | Lair:1   | Reached skill level 5 in Evocations
 13168 | Lair:2   | Noticed a five-headed hydra
 13214 | Lair:2   | Noticed Maggie
 13221 | Lair:2   | Killed Maggie
 13410 | Lair:2   | Reached XP level 13. HP: 71/85 MP: 13/13
 13595 | Lair:2   | Reached skill level 12 in Fighting
 13738 | Lair:2   | You are sucked into a shaft and drop 1 floor!
 14588 | Lair:3   | Found a staircase to the Swamp.
 15118 | Lair:3   | Received a gift from Trog
 15253 | Lair:3   | Found a staircase to the Snake Pit.
 15991 | Lair:4   | Found a staircase to the Slime Pits.
 15991 | Lair:4   | Found a viscous altar of Jiyva.
 16357 | Lair:4   | Noticed an ice dragon
 16382 | Lair:4   | Killed an ice dragon
 16457 | Lair:4   | Identified the +0 chain mail of Dogma {rElec rN++}
 16618 | Lair:5   | Entered Level 5 of the Lair of Beasts
 16745 | Lair:5   | Found a runed translucent door.
 16746 | Lair:5   | Noticed a fire dragon
 17019 | Lair:5   | Gained mutation: Your large and strong wings let you fly.
                  | [Gargoyle growth]
 17019 | Lair:5   | Reached XP level 14. HP: 85/92 MP: 14/14
 17101 | Lair:5   | Reached skill level 15 in Axes
 17106 | Lair:5   | Reached skill level 13 in Fighting
 17159 | Lair:5   | Identified the +3 scale mail "Femausir" {+Inv Stlth+}
 17477 | Lair:5   | Reached ****** piety under Trog
 17626 | Lair:5   | Received a gift from Trog
 18210 | Lair:5   | Identified the +1 robe "Lunnauche" {rPois rN+ Regen+ MP-9}
 18592 | Orc:1    | Entered Level 1 of the Orcish Mines
 19244 | Orc:2    | Entered Level 2 of the Orcish Mines
 19269 | Orc:2    | Received a gift from Trog
 19285 | Orc:2    | Noticed an orc warlord
 19360 | Orc:2    | Killed an orc warlord
 19483 | Orc:2    | Found Vonu's Book Shop.
 19562 | Orc:2    | Found Biotam's Antique Weapon Boutique.
 19815 | Orc:2    | Found Diem's General Store.
 20036 | Orc:2    | Found Osinovet's Antique Armour Emporium.
 20049 | Orc:2    | Found a staircase to the Elven Halls.
 20244 | Orc:2    | Bought a warped cloak for 304 gold pieces
 20244 | Orc:2    | Identified the +0 cloak "Xineexti" {rF- rN+ Stlth+} (You
                  | bought it in a shop on level 2 of the Orcish Mines)
 20264 | Orc:2    | Bought a tin of tremorstones (2/2) for 600 gold pieces
 20695 | D:3      | Bought an embroidered scarf for 192 gold pieces
 20695 | D:3      | Bought an encrusted plate armour for 672 gold pieces
 20695 | D:3      | Identified the +1 plate armour of the Farrier {rF- rN+
                  | Int+3} (You bought it in a shop on level 3 of the Dungeon)
 20945 | D:12     | Reached XP level 15. HP: 100/100 MP: 15/15
 21333 | D:11     | Noticed Snorg
 21337 | D:11     | Killed Snorg
 21372 | D:11     | Reached skill level 14 in Fighting
 21378 | D:11     | Noticed Gastronok
 21388 | D:11     | Killed Gastronok
 21550 | D:11     | Noticed Erica
 21559 | D:11     | Killed Erica
 21662 | D:11     | Identified the +2 cloak of Negligence {Dex+4}
 21676 | D:12     | Found Plog's Magic Scroll Shoppe.
 21730 | D:11     | Reached skill level 5 in Dodging
 21730 | D:11     | Reached XP level 16. HP: 106/106 MP: 16/16
 21792 | D:12     | Received a gift from Trog
 21874 | D:12     | Found Ziluap's Book Shoppe.
 22422 | D:13     | Noticed Nessos
 22433 | D:13     | Killed Nessos
 22749 | D:13     | Identified the ring "Bemaro" {Will+ Int+5 Dex-4 Slay+3}
 22925 | D:13     | Identified the +4 scale mail "Ashott Beupn" {Str-3 Dex+7}
 23307 | D:13     | Found the +5 scythe "Finisher" {speed, execute}
 23968 | D:14     | Received a gift from Trog
 24036 | D:14     | Found a gate to the Vaults.
 24188 | D:14     | Found an ancient bone altar of Kikubaaqudgha.
 24368 | D:15     | Entered Level 15 of the Dungeon
 24615 | D:15     | Reached XP level 17. HP: 104/112 MP: 17/17
 24635 | D:15     | Identified the +2 robe of Noughts and Crosses {rF- rC+
                  | Str+3}
 24753 | D:15     | Found a staircase to the Depths.
 25474 | Snake:1  | Entered Level 1 of the Snake Pit
 25534 | Snake:1  | Found Nynaneiz's Antique Armour Shop.
 25536 | Snake:1  | Found Iwashrar's Book Shop.
 25536 | Snake:1  | Found Cuest's Antique Weapon Boutique.
 25549 | Snake:1  | Found Agocso Woum's Antique Armour Boutique.
 25654 | Snake:1  | Bought a pair of runed gloves for 307 gold pieces
 25818 | Snake:1  | Reached skill level 15 in Fighting
 25913 | Snake:1  | Found Yluss's Assorted Antiques.
 25944 | Snake:1  | Reached skill level 1 in Shields
 26391 | Snake:2  | Reached skill level 15 in Armour
 26550 | Snake:2  | Reached skill level 10 in Evocations
 27008 | Snake:3  | Noticed Bai Suzhen
 27124 | Snake:2  | Killed Bai Suzhen
 27267 | Snake:3  | Reached skill level 5 in Shields
 27375 | Snake:3  | Found Xim Pock's General Store.
 27617 | Snake:3  | Noticed Mlioglotl
 27628 | Snake:3  | Killed Mlioglotl
 27814 | Snake:4  | Entered Level 4 of the Snake Pit
 27923 | Snake:3  | Received a gift from Trog
 27966 | Snake:4  | Reached XP level 18. HP: 120/120 MP: 18/18
 28159 | Snake:4  | Reached skill level 16 in Fighting
 28560 | Snake:4  | Received a gift from Trog
 28823 | Snake:4  | Reached skill level 10 in Shields
 28921 | Snake:4  | Got a serpentine rune of Zot
 29073 | Swamp:1  | Entered Level 1 of the Swamp
 29322 | Swamp:1  | Received a gift from Trog
 29368 | Swamp:1  | Identified the +6 sling "Ebbea" {freeze, *Slow rElec rC++}
 29909 | Swamp:2  | Noticed a tentacled monstrosity
 29932 | Swamp:2  | Killed a tentacled monstrosity
 29933 | Swamp:2  | Reached XP level 19. HP: 103/127 MP: 19/19
 30073 | Swamp:2  | Reached skill level 17 in Fighting
 30271 | Swamp:2  | Found a runed translucent gate.
 30272 | Swamp:2  | Found a runed translucent gate.
 30272 | Swamp:2  | Found a runed translucent gate.
 30273 | Swamp:2  | Noticed GreenGuy14's ghost (journeyman MiFi)
 30310 | Swamp:2  | Killed GreenGuy14's ghost
 30321 | Swamp:2  | Identified the +10 broad axe "Imuocid" {heavy, rF++ Dex+3}
 30734 | Swamp:3  | Received a gift from Trog
 31200 | Swamp:4  | Entered Level 4 of the Swamp
 31877 | Swamp:4  | Got a decaying rune of Zot
 32243 | Vaults:1 | Entered Level 1 of the Vaults
 32302 | Vaults:1 | Received a gift from Trog
 32410 | Vaults:1 | Found a crumbling gateway.
 32434 | Vaults:1 | Noticed Asterion
 32451 | Vaults:1 | Killed Asterion
 32474 | Vaults:1 | Reached skill level 18 in Fighting
 32517 | Desolati | Entered the Desolation of Salt
 32557 | Desolati | Reached skill level 15 in Shields
 32557 | Desolati | Reached XP level 20. HP: 136/136 MP: 20/20
 32590 | Desolati | Received a gift from Trog
 32658 | Desolati | Identified the +8 chain mail of Wuxzuaw {rC+ MP+9 Int+4}
 33087 | Desolati | Received a gift from Trog
 33210 | Desolati | Identified the +7 storm dragon scales "Ycrach" {rElec rF+
                  | Str+3}
 33273 | Desolati | Identified the ring of the Gloaming {Wiz rC+ Str+3}
 33433 | Desolati | Identified the staff of conjuration "Mofoho" {+Blink rN++
                  | Will- SInv}
 33895 | Vaults:1 | Received a gift from Trog
 34990 | Vaults:2 | Found a staircase to the Crypt.
 34990 | Vaults:2 | Noticed Frederick
 34996 | Vaults:2 | Killed Frederick
 34999 | Vaults:2 | Found Rolatwut's Distillery.
 35015 | Vaults:2 | Reached skill level 19 in Fighting
 35023 | Vaults:2 | Bought a potion of haste for 120 gold pieces
 35023 | Vaults:2 | Bought a potion of heal wounds for 60 gold pieces
 35108 | Vaults:2 | Acquired the +2 pair of gloves of Dogmatism {Fly Slay+3}
 35247 | Vaults:2 | Reached XP level 21. HP: 124/144 MP: 21/21
 35301 | Vaults:2 | Received a gift from Trog
 35553 | Vaults:2 | Identified the staff of cold "Riwux" {rC+ Will++ Str-3
                  | Dex+3}
 35554 | Vaults:2 | Identified the staff of cold "Rodgh" {rC+ Will- Str+4}
 35561 | Vaults:2 | Identified the amulet of Propriety {Faith Harm rPois}
 35564 | Vaults:2 | Identified the ring of Tahituj {Fly rN+ Slay+3}
 36264 | Vaults:3 | Received a gift from Trog
 36783 | Vaults:3 | Reached skill level 15 in Evocations
 37289 | Vaults:4 | Found a magical portal.
 37294 | WizLab   | Entered The Chambers of the Cloud Mage
 37305 | WizLab   | Reached skill level 20 in Fighting
 37306 | WizLab   | Paralysed by an air elemental for 1 turns
 37336 | WizLab   | Paralysed by an air elemental for 1 turns
 37340 | WizLab   | Paralysed by an air elemental for 1 turns
 37407 | WizLab   | Paralysed by an air elemental for 1 turns
 37482 | WizLab   | Paralysed by an air elemental for 1 turns
 37708 | WizLab   | Identified the +6 hand axe "Sastof" {flame, rF+ rCorr
                  | Str+2} (Trog gifted it to you in a wizard's laboratory)
 37708 | WizLab   | Received a gift from Trog
 37781 | WizLab   | Identified the ring of Afiacobe {Fly rN+ Int+5 Dex-3}
 37936 | Vaults:4 | Identified the +4 scale mail of Eternal Vigilance {rC+
                  | Slay-3 Stlth+}
 37960 | Vaults:4 | Noticed Aizul
 37968 | Vaults:4 | Killed Aizul
 37991 | Vaults:4 | Reached XP level 22. HP: 76/152 MP: 22/22
 38498 | Vaults:4 | Found Goqere Dank's Armour Shoppe.
 38868 | Vaults:4 | Identified the +8 quarterstaff of Exchange {antimagic, rF-
                  | rC++} (Trog gifted it to you on level 4 of the Vaults)
 38868 | Vaults:4 | Received a gift from Trog
 39299 | Elf:1    | Entered Level 1 of the Elven Halls
 39390 | Elf:1    | Found a flickering gateway to a bazaar.
 39409 | Bazaar   | Entered a bazaar
 39423 | Bazaar   | Found Jymineta's Magic Scroll Emporium.
 39440 | Bazaar   | Found Fumuusch's Antique Weapon Shoppe.
 39456 | Bazaar   | Found Vojypran's Jewellery Emporium.
 39529 | Bazaar   | Bought a scroll of blinking for 127 gold pieces
 39529 | Bazaar   | Bought a scroll of enchant armour for 127 gold pieces
 39602 | Elf:1    | Found a radiant altar of Vehumet.
 40058 | Elf:1    | Reached skill level 21 in Fighting
 40175 | Elf:1    | Received a gift from Trog
 40522 | Elf:2    | Found a large runed translucent door.
 40523 | Elf:2    | Found a large runed translucent door.
 40525 | Elf:2    | Noticed Vodes's ghost (adept SpEn)
 40695 | Elf:2    | Paralysed by an air elemental for 1 turns
 40698 | Elf:2    | Paralysed by an air elemental for 1 turns
 40891 | Elf:2    | Found a runed translucent gate.
 40891 | Elf:2    | Found a runed translucent gate.
 40891 | Elf:2    | Found a runed translucent gate.
 40960 | Elf:3    | Entered Level 3 of the Elven Halls
 40966 | Elf:3    | Found Peinet's Distillery.
 41006 | Elf:3    | Reached skill level 10 in Dodging
 41570 | Elf:3    | Received a gift from Trog
 41700 | Elf:3    | Identified the ring of Suspected Treachery {rPois Will+
                  | MP+9 AC+4}
 41820 | Elf:3    | Identified the ring "Uthroas" {rPois rC+ Str+3 Int-5
                  | Stlth+}
 41821 | Elf:3    | Identified the +4 quarterstaff of the Pill Bug {freeze,
                  | rC+}
 41821 | Elf:3    | Identified the ring "Oniora" {Str+6 Dex+6}
 41956 | Elf:3    | Reached XP level 23. HP: 160/160 MP: 23/23
 42071 | Elf:3    | Identified the +9 plate armour of Onusm {*Slow rN++ Regen+
                  | Stlth+}
 42071 | Elf:3    | Identified the amulet "Sigerium" {Faith rF+}
 42194 | Elf:3    | Identified the ring of Luirrao {Str+2 SInv Stlth+}
 42269 | Elf:3    | Received a gift from Trog
 42843 | Depths:1 | Entered Level 1 of the Depths
 42865 | Depths:1 | Found a gateway to Hell.
 43040 | Depths:1 | You are sucked into a shaft and drop 1 floor!
 43077 | Depths:2 | Paralysed by a floating eye for 2 turns
 43119 | Depths:2 | Reached skill level 22 in Fighting
 43162 | Depths:2 | Found a one-way gate leading to the halls of Pandemonium.
 43262 | Depths:1 | Noticed Nikola
 43278 | Depths:1 | Killed Nikola
 43323 | Depths:1 | Found a white marble altar of Elyvilon.
 43997 | Snake:1  | Bought a runed scarf for 328 gold pieces
 44385 | Depths:1 | Identified the +1 chain mail of Reyplir {rElec}
 44449 | Depths:1 | Received a gift from Trog
 44530 | Depths:1 | Found a portal to a secret trove of treasure.
 44620 | Depths:1 | Identified the +8 spear of the World {elec, Will+ Dex+2}
 45227 | Depths:2 | Noticed a golden dragon
 45239 | Depths:2 | Killed a golden dragon
 45243 | Depths:2 | Reached XP level 24. HP: 111/170 MP: 23/23
 45474 | Depths:2 | Noticed a juggernaut
 45487 | Depths:2 | Killed a juggernaut
 45495 | Depths:2 | Received a gift from Trog
 45539 | Depths:2 | Noticed a juggernaut
 45545 | Depths:2 | Killed a juggernaut
 45556 | Depths:2 | Reached skill level 23 in Fighting
 45574 | Depths:2 | Identified the staff of air "Siosh" {rElec rCorr MP+9 Dex+5
                  | Stlth+}
 45652 | Depths:2 | Noticed a juggernaut
 45663 | Depths:2 | Killed a juggernaut
 45665 | Depths:2 | Noticed a caustic shrike
 45674 | Depths:2 | Killed a caustic shrike
 45830 | Depths:2 | Identified the +11 dagger of Zidaduo {flame, Str+4 Stlth+}
 46014 | Depths:3 | Found a one-way gate to the infinite horrors of the Abyss.
 46289 | Depths:3 | Noticed a caustic shrike
 46316 | Depths:3 | Killed a caustic shrike
 46639 | Depths:3 | Received a gift from Trog
 46689 | Depths:3 | Found a blossoming altar of Fedhas.
 47334 | Depths:3 | Found a broken altar of Ashenzari.
 47526 | Depths:3 | Identified the +0 robe of the Snake Pit {Fly Int+4 Slay-6}
 47694 | Depths:4 | Entered Level 4 of the Depths
 48146 | Depths:4 | Reached skill level 24 in Fighting
 48343 | Depths:4 | Found a one-way gateway to a ziggurat.
 48441 | Depths:4 | Reached XP level 25. HP: 168/178 MP: 17/23
 48604 | Depths:4 | Identified the +7 hand axe "Volu" {heavy, rC- rN+++ Dex+3
                  | SInv} (Trog gifted it to you on level 4 of the Depths)
 48604 | Depths:4 | Received a gift from Trog
 49211 | Depths:4 | Found a gate to the Realm of Zot.
 49624 | Vaults:5 | Entered Level 5 of the Vaults
 50173 | Vaults:5 | Noticed a dread lich
 50177 | Vaults:5 | Noticed a dread lich
 50275 | Vaults:5 | Identified the ring of Qesangao {rF+ rC+ Str+2 Int-5}
 50278 | Vaults:5 | Killed a dread lich
 50278 | Vaults:5 | Identified the +7 battleaxe of Fee Simple {flame, *Slow
                  | Will+ Dex+8 Stlth+} (Trog gifted it to you on level 5 of
                  | the Vaults)
 50278 | Vaults:5 | Received a gift from Trog
 50279 | Vaults:5 | Killed a dread lich
 50347 | Vaults:4 | Reached skill level 25 in Fighting
 50380 | Vaults:4 | Reached skill level 15 in Dodging
 50525 | Vaults:5 | Reached XP level 26. HP: 188/188 MP: 23/23
 50558 | Vaults:5 | Identified the +0 battleaxe "Zoavilo" {holy, *Slow +Blink
                  | rPois Int+3}
 50571 | Vaults:5 | Received a gift from Trog
 50667 | Vaults:5 | Identified the ring of Xetipabi {rF+ Str+6 Dex+4}
 50725 | Vaults:5 | Identified the +2 scale mail of Inilaxko {rPois}
 50887 | Vaults:5 | Identified the +4 plate armour of Surprise {Int+2 Dex-2
                  | Slay+5}
 51036 | Vaults:5 | Noticed a shard shrike
 51037 | Vaults:5 | a shard shrike changed into a titan
 51038 | Vaults:5 | a titan changed into a shard shrike
 51038 | Vaults:5 | Noticed a shard shrike (glowing shapeshifter)
 51040 | Vaults:5 | a shard shrike changed into a rockslime
 51054 | Vaults:5 | Got a silver rune of Zot
 51855 | Zot:1    | Entered Level 1 of the Realm of Zot
 51862 | Zot:1    | Found a transporter.
 51862 | Zot:1    | Identified the +0 cloak of Pianegi {+Blink Str+5 Int-2}
 51878 | Zot:1    | Noticed Juhipt's ghost (veteran MiBe)
 51895 | Zot:1    | Identified the -1 cloak "Wutesu Fuwu" {rPois rF+++ Will++
                  | Str-5}
 51937 | Zot:1    | Received a gift from Trog
 52055 | Zot:1    | Identified the +0 cloak of Fannil {-Cast rElec rPois
                  | Will++}
 52494 | Zot:1    | Identified the +6 falchion "Widowermaker" {flame, rN+
                  | Str+3}
 52582 | Zot:1    | Found a transporter.
 52589 | Zot:1    | Found a bloodstained altar of Trog.
 53145 | Zot:1    | Reached skill level 26 in Fighting
 53324 | Zot:2    | Noticed Grunn
 53863 | Zot:2    | Killed Grunn
 53938 | Zot:2    | Received a gift from Trog
 53951 | Zot:2    | Reached XP level 27. HP: 177/196 MP: 23/23
 54863 | Zot:3    | Found a transporter.
 54865 | Zot:3    | Found a radiant altar of Vehumet.
 55425 | Zot:3    | Identified the ring of the Garden {Will+ MP+9 Str+2 Int-3
                  | Dex+2}
 55530 | Zot:3    | Noticed a dread lich
 55887 | Zot:4    | Identified the staff of air "Acvusio" {Fly rElec Str+3}
 56069 | Zot:4    | Reached skill level 27 in Fighting
 56201 | Zot:4    | Identified the +10 scale mail of Tartarus {Regen+ MP+9}
 56458 | Zot:5    | Entered Level 5 of the Realm of Zot
 56634 | Zot:5    | Received a gift from Trog
 57078 | Zot:5    | Noticed a dread lich
 57078 | Zot:5    | Noticed a dread lich
 57081 | Zot:5    | Noticed an orb of fire
 57081 | Zot:5    | Noticed an ancient lich
 57081 | Zot:5    | Noticed an orb of fire
 57081 | Zot:5    | Noticed an orb of fire
 57087 | Zot:5    | Got the Orb of Zot
 57524 | D:13     | Noticed Louz the pandemonium lord
 57533 | D:13     | Killed Louz the pandemonium lord
 57567 | D:11     | Noticed Reddax Unit the pandemonium lord
 57772 | D:3      | Gained mutation: You are weak. (Str -2) [a cacodemon]
 57897 | D:$      | Escaped with the Orb!

Illustrated notes

Levels and vault maps discovered:
D:1:      roderic_crop_circles_arrival_small, layout_basic, minmay_pentomino_q4
D:2:      layout_loops_ring, serial_shops, shop,
          hellmonk_ecumenical_altar_leap_of_faith, grunt_ministairs_9,
          chequers_serial_rivers_micro_d, nicolae_concentric_dashed_squares_mild
D:3:      layout_loops_ring, vehumet_statue, serial_shops,
          nicolae_shop_rolling_square
D:4:      layout_basic, lemuel_crystal_altar, minmay_temple_entry_antechambers,
          serial_shops, shop, nicolae_shop_back_alley_shop, shop,
          nicolae_shop_tiny_statue_garden, shop_fountains, chequers_arboretum
D:5:      layout_basic, nicolae_hepliaklqana_hippocampus, lemuel_crystal_altar,
          cheibrodos_sewer_entry_sluice, uniq_crazy_yiuf_cottage, uniq_eustachio
D:6:      minmay_klotski, layout_basic, mainiacjoe_overflow_24_doors,
          amethyst_overflow_temple_binary, item_on_display_a
D:7:      wander_river, layout_loops_cross, nicolae_overflow_crystal_walls,
          enter_ossuary_3, serial_rivers, chequers_serial_rivers_room_a,
          chequers_serial_rivers_micro_e, chequers_serial_rivers_room_b,
          chequers_serial_rivers_micro_c, chequers_serial_rivers_small_b,
          chequers_serial_rivers_micro_a, uniq_prince_ribbit1
D:8:      layout_basic, serial_ice, serial_ice_j, serial_ice_a, serial_ice_d,
          serial_ice_h, serial_ice_b
D:9:      layout_stronghold, due_lair_maze_entry_diamond,
          kennysheep_generic_room_3
D:10:     layout_loops_corners, led_sif_book, orc_0_dummy, enter_bailey_6,
          kennysheep_diamond
D:11:     nicolae_cairo_tiling_large_dashed, layout_gridville, uniq_erica,
          uniq_snorg, uniq_gastronok
D:12:     layout_basic, serial_shops, shop, kennysheep_mini,
          lightli_corner_chamber
D:13:     minmay_the_grid_4x2 [minmay_the_grid_minigrid_medium,
          minmay_the_grid_mess, minmay_the_grid_all_tris, minmay_the_grid_slots,
          minmay_the_grid_spikes, minmay_the_grid_armoury,
          minmay_the_grid_paths, minmay_the_grid_prize_inner_circle],
          layout_basic, minmay_guarded_unrand_finisher, uniq_nessos
D:14:     layout_cave_pools, erik_vaults_2, kiku_gazebo_pond_becter
D:15:     gammafunk_depths_entry_grave, layout_basic, solitary_fountain
Lair:1:   layout_gridlike, infiniplex_staircase_pool
Lair:2:   layout_small_grid, roderic_batcave, minmay_stone_trees_medium,
          beast_lair_carwin_9, uniq_maggie
Lair:3:   layout_layer_cave, skrybe_swamp_entry_bodies,
          guppyfry_snake_entry_garden, eino_small_chamber_without_monster
Lair:4:   dragon1_lemuel, layout_loops_ring, slime_entry_1,
          eino_house_with_fridge
Lair:5:   wormcave, layout_big_grid, hangedman_lair_tendril_chambers
Swamp:1:  layout_basic_swamp, evilmike_swamp_ruin_wall, swamp_pool5
Swamp:2:  nzn_winding_woodlands_small [nzn_winding_woodlands_5x15_longhouse,
          nzn_winding_woodlands_center_pierced_h,
          nzn_winding_woodlands_5x15_pathside_ponds], layout_basic_swamp,
          gammafunk_ghost_hydra_chop, evilmike_swamp_ruin_house_1
Swamp:3:  layout_falls_marsh, evilmike_swamp_ruin_house_3
Swamp:4:  swamp_basic_johnstein, layout_basic_swamp, swamp_pool2
Snake:1:  layout_onion_interference, serial_shops, shop, lemuel_fruit_tree,
          minmay_shoptagon
Snake:2:  layout_cave_town
Snake:3:  layout_misc_corridors, serial_shops, shop, nicolae_snake_lava_pool,
          uniq_mlioglotl, uniq_bai_suzhen
Snake:4:  grunt_snake_rune_pools, layout_grid_shapes, beargit_elvish_explorers
Orc:1:    layout_diamond_mine
Orc:2:    grunt_orc_gardens, layout_caves, grunt_orc_garden, grunt_orc_garden,
          grunt_orc_garden, grunt_orc_garden, basic_altar
Elf:1:    eino_elf_arrival_sip, layout_gridlike, basic_altar, serial_shops,
          bzr_firewalk, minmay_elf_necromancy, st_stairs_1, eino_tiny_chamber
Elf:2:    nicolae_elf_blades_splatter_lattice [nooodl_blade_entry_preview],
          layout_loops_cross, ebering_ghost_disaster_area, hex_large,
          minmay_misc_feat_ornament
Elf:3:    nooodl_elf_gasket, layout_loops_corners, serial_shops,
          nicolae_shop_industrial_runoff
Vaults:1: portal_desolation_entry_nicolae_nacl, v_misc_23, grunt_vaults_funnel,
          v_misc_33, nicolae_vaults_diagonal_hallway_8,
          nicolae_vaults_cornered_office, v_misc_2, nicolae_vaults_triangles,
          vaults_room_corners, vaults_mumra_chevron, nicolae_vaults_trapezoid_1,
          ontoclasm_vaults_pinch, nicolae_vaults_apartment_1,
          nicolae_vaults_storage_room_doors, ontoclasm_vaults_decontamination,
          nicolae_vaults_tetromino_Z_1, layout_vaults_big_cross, serial_glass,
          uniq_asterion
Vaults:2: vaults_dpeg_doors, nicolae_vaults_storing_the_good_stuff, v_rooms_5,
          nicolae_vaults_ellipses_ellipsis, hangedman_vaults_nails, v_misc_24,
          nicolae_vaults_surprise_closet, nicolae_vaults_two_Ls,
          vaults_room_fours, layout_vaults_maze_snakey, dummy_crypt_entry,
          serial_shops, nicolae_shop_waterfront, uniq_frederick
Vaults:3: v_misc_2, dpeg_vaults_monster_row, nicolae_vaults_two_Ls, v_misc_9,
          nicolae_vaults_shrinking_rooms_1, nicolae_vaults_turnstiles,
          nicolae_vaults_crenellated_ambush, hangedman_vaults_trim,
          nicolae_vaults_rhombus_5, layout_vaults_omnibox
Vaults:4: mu_enter_wizlab_2, v_misc_25, vaults_dpeg_encased_lava,
          nicolae_vaults_more_shelving_2, nicolae_vaults_offset_grid_hallway_3,
          nicolae_vaults_antechamber_and_loot_room, vaults_dpeg_ring,
          vaults_mumra_minichess_inversion, vaults_room_corners,
          layout_vaults_omnigrid, serial_shops, shop, uniq_aizul
Vaults:5
Depths:1: layout_gridlike, rand_demon_pan_entry_9, hell_entry,
          nicolae_trove_entry_crystal, minmay_misc_feat_iff, roderic_lattice_a,
          nicolae_elyvilon_peaceful_grove, uniq_nikola
Depths:2: lemuel_castle_with_subvaults [lemuel_castle_interior_carwin_2],
          layout_twisted_cross, hell_entry, minmay_misc_feat_five,
          rand_demon_pan_entry_5
Depths:3: hangedman_cross_cluster, layout_basic, abyss_entry,
          hangedman_coc_ice_floe, nicolae_ashenzari_skybound
Depths:4: grunt_zot_entry_gee_three, layout_basic, enter_ziggurat_c,
          minmay_misc_feat_more_columns, hell_entry
Zot:1:    layout_basic, gammafunk_ghost_wrathful_warriors, grunt_ministairs_4
Zot:2:    layout_cathedral_of_symmetry, uniq_grunn
Zot:3:    gammafunk_sealed_library, layout_misc_corridors
Zot:4:    layout_onion_interference, st_small_dragon_hoard_5, skrybe_zot_glass_1
Zot:5:    layout_onion, st_stairs_6

Skill      XL: |  1  2  3  4  5  6  7  8  9 10 11 12 13 14 15 16 17 18 19 20 21 22 23 24 25 26 27 |
---------------+----------------------------------------------------------------------------------+-----
Unarmed Combat | 1 |  1.0
Axes           | 3 4 5 6 7 9 10 12 13 14 16 17 18 | 18.0
Dodging        | 2 5 6 8 10 12 13 15 16 17 | 17.8
Armour         | 3 4 5 6 7 9 10 11 12 13 14 15 | 15.0
Fighting       | 4 5 6 8 9 10 11 12 13 14 15 16 18 19 20 21 22 24 25 26 27 | 27.0
Evocations     | 3 5 6 8 9 10 11 13 14 15 16 17 19 20 21 22 | 22.4
Shields        | 7 11 15 17 18 | 18.0

Action                     |  1- 3 |  4- 6 |  7- 9 | 10-12 | 13-15 | 16-18 | 19-21 | 22-24 | 25-27 || total
---------------------------+-------+-------+-------+-------+-------+-------+-------+-------+-------++-------
  Melee: Hand axe          |   109 |    63 |       |       |       |       |       |       |       ||   172
         Punch             |     1 |     3 |     2 |    11 |     9 |     2 |       |       |       ||    28
         War axe           |       |   101 |   233 |   409 |    50 |    84 |   107 |       |       ||   984
         Broad axe         |       |       |       |    82 |   583 |   877 |   799 |   957 |   903 ||  4201
 Invoke: Berserk           |       |     1 |     3 |     3 |     3 |     2 |     2 |       |       ||    14
         Trog's Hand       |       |       |     1 |     1 |     4 |     5 |     5 |     5 |    11 ||    32
         Brothers in Arms  |       |       |       |       |       |     1 |     1 |       |       ||     2
  Evoke: Wand              |       |       |       |     2 |     5 |     2 |     3 |     6 |    11 ||    29
         Tin of tremorston |       |       |       |       |       |     1 |     2 |     5 |     3 ||    11
         Lightning rod     |       |       |       |       |       |       |       |     2 |     5 ||     7
    Use: Scroll            |       |    10 |    11 |     8 |     5 |     3 |     5 |     7 |    30 ||    79
         Potion            |       |       |       |       |     2 |       |     2 |     7 |     9 ||    20
   Stab: Petrifying        |       |       |       |       |     2 |       |       |       |       ||     2
         Petrified         |       |       |       |       |     2 |       |       |       |       ||     2
         Distracted        |       |       |       |       |       |       |     1 |       |     1 ||     2
         Confused          |       |       |       |       |       |       |       |     3 |       ||     3
 Armour: Animal skin       |    45 |    18 |       |       |       |       |       |       |       ||    63
         Scale mail        |       |    53 |   111 |       |       |       |       |       |       ||   164
         Ring mail         |       |       |       |   285 |   239 |       |       |       |       ||   524
         Fire dragon scale |       |       |       |       |   162 |   550 |    62 |       |       ||   774
         Ice dragon scales |       |       |       |       |       |       |   135 |       |       ||   135
         Chain mail        |       |       |       |       |       |       |   403 |   445 |   299 ||  1147
         Gold dragon scale |       |       |       |       |       |       |       |       |   700 ||   700
  Dodge: Dodged            |    80 |   130 |   129 |   272 |   320 |   348 |   372 |   339 |   467 ||  2457
         Repelled          |       |       |       |       |     1 |       |     9 |    19 |    28 ||    57
  Block: Kite shield       |       |       |       |       |       |   348 |   667 |   307 |       ||  1322
         Reflection        |       |       |       |       |       |    33 |    21 |    31 |       ||    85
         Tower shield      |       |       |       |       |       |       |       |   411 |  1131 ||  1542

Table legend: (Time is in decaauts)
 A = Elapsed time spent in this place.
 B = Non-inter-level travel time spent in this place.
 C = Inter-level travel time spent in this place.
 D = Time resting spent in this place.
 E = Time spent auto-exploring this place.
 F = Levels seen in this place.
 G = Mean time per level.
                   A        B        C        D        E       F      G
               +--------+--------+--------+--------+--------+-----+--------+
         Total |  58271 |  50062 |   8209 |   6499 |  27586 |  53 | 1099.5 |
       Dungeon |  17831 |  13988 |   3843 |   1521 |   8885 |  15 | 1188.7 |
          Lair |   6988 |   5803 |   1185 |    534 |   3699 |   5 | 1397.6 |
         Swamp |   2793 |   2523 |    270 |     83 |   1525 |   4 |  698.2 |
     Snake Pit |   3422 |   3015 |    407 |    346 |   1522 |   4 |  855.5 |
  Orcish Mines |   1725 |   1517 |    208 |    144 |    922 |   2 |  862.5 |
   Elven Halls |   3218 |   2891 |    327 |    349 |   1574 |   3 | 1072.7 |
        Vaults |   7540 |   6643 |    897 |   1047 |   3755 |   5 | 1508.0 |
        Depths |   6492 |   5820 |    672 |   1133 |   2826 |   4 | 1623.0 |
           Zot |   5429 |   5033 |    396 |   1133 |   2306 |   5 | 1085.8 |
        Bazaar |    170 |    170 |      0 |      0 |     66 |   1 |  170.0 |
         Sewer |    514 |    514 |      0 |     30 |     77 |   1 |  514.0 |
       Ossuary |    183 |    183 |      0 |      0 |     88 |   1 |  183.0 |
        Bailey |    338 |    338 |      0 |      0 |     85 |   1 |  338.0 |
        Wizlab |    567 |    567 |      0 |     75 |      0 |   1 |  567.0 |
    Desolation |   1055 |   1055 |      0 |    101 |    256 |   1 | 1055.0 |
               +--------+--------+--------+--------+--------+-----+--------+

Top non-repeatable levels by time:
Vaults:4: 2060 daAuts
   Zot:1: 2045 daAuts
     D:6: 1949 daAuts
Vaults:1: 1920 daAuts
  Lair:5: 1771 daAuts
     D:5: 1765 daAuts
    D:13: 1696 daAuts
Depths:2: 1667 daAuts
Depths:4: 1665 daAuts
  Lair:3: 1649 daAuts
Depths:3: 1591 daAuts
Depths:1: 1567 daAuts
   Elf:3: 1544 daAuts
  Lair:2: 1477 daAuts
    D:10: 1455 daAuts
